 Dungeon Crawl Stone Soup version 0.21.1-1-g345015fe64 (webtiles) character file.

336 Ashiichan the Skirmisher (level 6, -4/93 HPs)
             Began as an Ogre Fire Elementalist on June 7, 2018.
             Slain by Duvessa
             ... wielding a +0 short sword
              (10 damage)
             ... on level 4 of the Dungeon.
             The game lasted 00:07:43 (2641 turns).

Ashiichan the Skirmisher (Ogre Fire Elementalist)   Turns: 2641, Time: 00:07:43

Health: -4/93      AC:  3    Str: 18    XL:     6   Next: 54%
Magic:  9/9        EV: 10    Int: 18    God:
Gold:   69         SH:  0    Dex:  9    Spells: 5/9 levels left

rFire    . . .     SeeInvis .   h - +0 whip
rCold    . . .     Gourm    .   (no shield)
rNeg     . . .     Faith    .   a - +0 robe
rPois    .         Spirit   .   (helmet restricted)
rElec    .         Reflect  .   (no cloak)
rCorr    .         Harm     .   (gloves unavailable)
MR       .....                  (boots unavailable)
Stlth    ..........             (no amulet)
HPRegen  0.25/turn              (no ring)
MPRegen  0.11/turn              (no ring)

@: berserking, fainting, very quick
A: large, unfitting armour, tough skin 1
a: no special abilities


You were on level 4 of the Dungeon.
You were fainting.

You visited 1 branch of the dungeon, and saw 5 of its levels.

You collected 69 gold pieces.

Inventory:

Hand Weapons
 h - a +0 whip (weapon)
 o - a +0 whip
Armour
 a - a +0 robe (worn)
 f - a +0 robe
 i - a +0 buckler
 j - a +0 leather armour
Jewellery
 u - a cursed ring of loudness {unknown}
Wands
 n - a wand of clouds (3)
 s - a wand of flame (15)
Scrolls
 d - 6 scrolls of teleportation {unknown}
 g - a scroll of magic mapping {unknown}
 k - a scroll of amnesia {unknown}
 l - a scroll of remove curse {unknown}
 p - 3 scrolls of fear {unknown}
 r - 4 scrolls of identify {unknown}
Potions
 q - a potion of might {unknown}
Books
 b - a book of Flames

   Spells                             Type                      Level
   a - Flame Tongue                   Conjuration/Fire             1
   b - Throw Flame                    Conjuration/Fire             2
   c - Conjure Flame                  Conjuration/Fire             3
   d - Inner Flame                    Hexes/Fire                   3
   e - Sticky Flame                   Conjuration/Fire             4
   f - Fireball                       Conjuration/Fire             5


   Skills:
 + Level 4.0 Fighting
 + Level 3.3 Dodging
 - Level 1.4 Stealth
 - Level 2.4 Spellcasting
 + Level 2.9 Conjurations
 + Level 3.9 Fire Magic


You had 5 spell levels left.
You knew the following spells:

 Your Spells              Type           Power        Failure   Level  Hunger
a - Flame Tongue          Conj/Fire      ##...        4%          1    #......
b - Conjure Flame         Conj/Fire      ##......     13%         3    ###....


Dungeon Overview and Level Annotations

Branches:
Dungeon (5/15)
 Temple: D:4-7

Altars:

Shops:
D:4 =

Annotations:
D:2 Natasha
D:3 Grinder
D:4 Dowan, Duvessa


Innate Abilities, Weirdness & Mutations

You are too large for most types of armour.
You have tough skin. (AC +1)


Message History

You completely miss Duvessa. Duvessa closely misses you. Duvessa misses you.
It was a potion of berserk rage.
A red film seems to cover your vision as you go berserk!
You feel yourself moving faster!
You feel mighty!
Dowan casts a spell.
Dowan blinks!
Duvessa barely misses you.
You closely miss Duvessa. Duvessa hits you with a short sword!
* * * LOW HITPOINT WARNING * * *
Duvessa hits you but does no damage.
You closely miss Duvessa. Duvessa hits you with a short sword.
* * * LOW HITPOINT WARNING * * *
You barely miss Duvessa. Duvessa barely misses you.
You closely miss Duvessa. Duvessa barely misses you.
You barely miss Duvessa. Duvessa hits you but does no damage.
You closely miss Duvessa. Duvessa hits you with a short sword!
* * * LOW HITPOINT WARNING * * *
You whack Duvessa!
Duvessa is moderately wounded.
Duvessa hits you with a short sword!
You die...

..### #.#.....# ....#
###### #.#.###.# ..#.#
####....# #.#.###.# ..#.#
#.......####.....#.# #.#.#
+......[##.......#.# #.#.#
#.......##e#.....#.# ..#.#
#.......##g#.......#
.<..#########.###e#####g###
..[.............@....#...#
............#.###.####...#
..######.##.#.# #.# ##)##
#.######.##.#.# #.# .e.
#.##........#.# #.# .$...
#..#........#.# #.# .(.....
##.#........#..
..##.......#
##..........### ####.....##
......##.##.# #######


You could see Duvessa, Dowan and a hobgoblin.

Vanquished Creatures
  A hungry ghost (D:4)
  A scorpion (D:4)
  2 hounds (D:4)
  A worker ant (D:4)
  3 adders
  An ooze (D:3)
  A worm (D:4)
  3 dart slugs (D:1)
  4 leopard geckos
  An orc (D:2)
  3 bats (D:1)
  2 giant cockroaches (D:1)
  3 goblins
  2 hobgoblins (D:1)
  4 jackals (D:3)
  3 kobolds
  A quokka (D:4)
  A frilled lizard (D:1)
  2 rats
39 creatures vanquished.

Notes
Turn   | Place    | Note
-------+----------+-------------------------------------------
     0 | D:1      | Ashiichan the Ogre Fire Elementalist began the quest for the Orb.
     0 | D:1      | Reached XP level 1. HP: 16/16 MP: 3/3
    34 | D:1      | Reached skill level 1 in Conjurations
   235 | D:1      | Reached XP level 2. HP: 26/26 MP: 3/5
   257 | D:1      | Reached skill level 1 in Fighting
  1321 | D:2      | Noticed Natasha
  1321 | D:2      | Reached XP level 3. HP: 30/33 MP: 2/6
  1504 | D:3      | Reached skill level 2 in Fighting
  1672 | D:3      | Noticed Grinder
  1680 | D:3      | Paralysed by Grinder for 6 turns
  1691 | D:3      | Reached XP level 4. HP: 17/42 MP: 1/7
  1921 | D:4      | Reached skill level 3 in Fighting
  1921 | D:4      | Reached XP level 5. HP: 38/53 MP: 1/8
  2102 | D:4      | Learned a level 3 spell: Conjure Flame
  2340 | D:4      | Noticed a hungry ghost
  2442 | D:4      | Killed a hungry ghost
  2442 | D:4      | Reached XP level 6. HP: 42/62 MP: 1/9
  2445 | D:4      | Found Xynnigh's Jewellery Boutique.
  2474 | D:4      | Reached skill level 4 in Fighting
  2500 | D:4      | HP: 3/62 [quokka (2)]
  2518 | D:5      | Entered Level 5 of the Dungeon
  2539 | D:5      | Noticed a phantom
  2616 | D:4      | Noticed Duvessa
  2617 | D:4      | Noticed Dowan
  2641 | D:4      | Slain by Duvessa

Skill      XL: |  1  2  3  4  5  6 |
---------------+-------------------+-----
Conjurations   | 1 2 |  2.9
Fighting       | 1 2 3 4 |  4.0
Dodging        | 2 3 |  3.3
Fire Magic     | 3 |  3.9
Stealth        | |  1.4
Spellcasting   | |  2.4

Action                   |  1- 3 |  4- 6 || total
-------------------------+-------+-------++-------
Melee: Unarmed           |     8 |       ||     8
       Whip              |    40 |    57 ||    97
 Cast: Flame Tongue      |    39 |    39 ||    78
  Use: Potion            |       |     2 ||     2
 Stab: Sleeping          |     1 |       ||     1
  Eat: Chunk             |     1 |     1 ||     2
       Ration            |     1 |     2 ||     3
Armor: Robe              |    29 |    28 ||    57
Dodge: Dodged            |    37 |    48 ||    85
